 Dungeon Crawl Stone Soup version 0.26-a0-639-g72c4674329 (webtiles) character file.

Game seed: 7306333577506777903

27834 Borgoz the Basher (level 13, -7/119 HPs)
             Began as a Hill Orc Berserker on Sept 19, 2020.
             Was a High Priest of Trog.
             Shot with an arrow by Nessos (21 damage)
             ... on level 13 of the Dungeon.
             The game lasted 00:30:30 (18712 turns).

Borgoz the Basher (Hill Orc Berserker)             Turns: 18712, Time: 00:30:31

Health: -7/119     AC: 22    Str: 27    XL:     13   Next: 35%
Magic:  13/13      EV: 15    Int:  7    God:    Trog [*****.]
Gold:   622        SH:  0    Dex: 14    Spells: 12/12 levels left

rFire    . . .     SeeInvis .   a - +5 dire flail
rCold    . . .     Faith    .   (shield currently unavailable)
rNeg     . . .     Spirit   .   q - +2 chain mail {rPois}
rPois    +         Reflect  .   (no helmet)
rElec    .         Harm     .   B - +0 cloak {rCorr}
rCorr    +         Rampage  .   m - +0 pair of gloves
MR       .....                  F - +0 pair of boots
Stlth    ..........             (no amulet)
HPRegen  0.29/turn              x - +4 ring of protection
MPRegen  0.13/turn              D - +6 ring of strength

@: lethally poisoned (-7 -> -19), berserk cooldown, slowed, very slow
A: no striking features
a: Berserk, Trog's Hand, Brothers in Arms, Renounce Religion


You were on level 13 of the Dungeon.
You worshipped Trog.
Trog was extremely pleased with you.
You visited 1 branch of the dungeon, and saw 13 of its levels.
You also visited: Ossuary.

You collected 714 gold pieces.
You spent 92 gold pieces at shops.

Inventory:

Hand Weapons
 a - a +5 dire flail (weapon)
Armour
 m - a +0 pair of gloves (worn)
 q - a +2 chain mail of poison resistance (worn)
 B - a +0 cloak of preservation (worn)
 F - a +0 pair of boots (worn)
Jewellery
 i - an uncursed ring of protection from cold
 x - a +4 ring of protection (left hand)
 D - a +6 ring of strength (right hand)
 H - an uncursed ring of see invisible
Wands
 e - a wand of enslavement (12)
Scrolls
 b - 4 scrolls of amnesia {unknown}
 c - 8 scrolls of teleportation
 d - 8 scrolls of remove curse
 h - 4 scrolls of enchant armour {unknown}
 k - 2 scrolls of blinking {unknown}
 l - 2 scrolls of fog {unknown}
 p - a scroll of brand weapon
 s - 4 scrolls of magic mapping
 v - a scroll of holy word {unknown}
 w - 5 scrolls of enchant weapon
 A - 3 scrolls of random uselessness {unknown}
 C - 2 scrolls of fear {unknown}
 E - a scroll of vulnerability {unknown}
Potions
 f - 5 potions of flight
 g - 3 potions of stabbing
 j - 2 potions of brilliance {unknown}
 n - 2 potions of haste
 o - a potion of resistance
 r - 9 potions of curing
 t - 3 potions of might {unknown}
 u - 5 potions of lignification {unknown}
 y - a potion of cancellation
 z - 2 potions of mutation
 G - a potion of invisibility
 J - a potion of heal wounds


   Skills:
 + Level 12.5 Fighting
 * Level 13.2 Maces & Flails
 + Level 11.3 Armour
 * Level 10.4 Dodging


You had 12 spell levels left.
You didn't know any spells.
Your spell library was empty.

Dungeon Overview and Level Annotations

Branches:
Dungeon (13/15)            Temple (0/1) D:4            Lair (0/6) D:8
    Orc (0/2) D:11         Vaults (0/5) D:13        Ossuary (visited)

Altars:
Cheibriados
Dithmenos
Elyvilon
Fedhas
Okawaru
Qazlal
Trog
Vehumet
Wu Jian
Yredelemnul
The Shining One

Shops:
D:4 [   D:6 *   D:12 *

Annotations:
D:13 Nessos


Message History

You feel sick.
The orc shouts!
Nessos shoots an arrow.
The arrow hits you!
* * * LOW HITPOINT WARNING * * *
The arrow burns you.
* * * LOW HITPOINT WARNING * * *
Nessos shoots an arrow.
The arrow hits you!
* * * LOW HITPOINT WARNING * * *
The arrow burns you.
* * * LOW HITPOINT WARNING * * *
The cyclops hits you but does no damage.
You open the door.
A two-headed ogre and a vampire come into view.
* * * LOW HITPOINT WARNING * * *
You feel very sick.
The two-headed ogre shouts in stereo!
The boggart changes into a water moccasin!
Nessos shoots an arrow.
The arrow hits you but does no damage.
Nessos shoots an arrow.
The arrow hits you!!
You die...

.#### c..# #..# ..#
########'## ..#
.###......c..###.#..
....S......(..##.#.#
#o..yC@(...((##.#.#
<...####'####(.#.#.#
. ... ##.#.#.#
∩...##.#.#.#
O..V#....>.##
#####.......#
##.......####
..............
####..........


You could see Nessos (fast), a two-headed ogre, a cyclops, a vampire, a water
moccasin shaped shifter, a vampire mosquito and an orc.

Vanquished Creatures
  Jorgrun (D:12)
  Snorg (D:11)
  A hydra (D:13)
  6 two-headed ogres
  A centaur warrior (D:13)
  A death yak (D:12)
  An unseen horror (D:12)
  A necromancer (D:13)
  4 ugly things
  A deep elf mage (D:13)
  A manticore (D:10)
  A black mamba (shapeshifter) (D:12)
  Joseph (D:9)
  A gargoyle (D:13)
  2 tengu conjurers (D:13)
  3 meliai (D:13)
  4 trolls
  2 polar bears (D:12)
  Prince Ribbit (D:8)
  Grinder (D:6)
  3 hippogriffs
  A water elemental (D:12)
  A wraith (D:7)
  Eustachio (D:5)
  3 yaks (D:12)
  2 vampire mosquitoes (D:13)
  2 steam dragons
  Edmund (D:4)
  Duvessa (D:4)
  3 orc warriors
  2 black bears
  An eye of draining (D:7)
  6 ice beasts
  2 phantoms
  5 sky beasts
  5 ogres
  15 centaurs
  2 wolves (D:12)
  2 crocodiles
  6 bullfrogs
  2 wyvern zombies
  A big kobold (D:10)
  A gnoll sergeant (D:8)
  Dowan (D:4)
  A water moccasin zombie (D:10)
  5 scorpions
  24 killer bees
  20 wights
  A howler monkey (D:4)
  5 electric eels
  2 bullfrog zombies (D:8)
  3 centaur zombies
  A crimson imp (D:9)
  5 hounds
  10 orc priests
  A centaur skeleton (D:7)
  6 jellies
  10 orc wizards
  Crazy Yiuf (D:3)
  4 bullfrog skeletons
  2 iguanas
  Natasha (thrice) (D:3)
  4 worker ants
  A killer bee zombie (D:9)
  A bullfrog simulacrum (D:12)
  2 hound zombies
  A hound skeleton (D:5)
  14 mummies (Ossuary)
  A worker ant zombie (D:7)
  7 gnolls
  9 adders
  2 shadow imps
  4 white imps
  3 ufetubi
  An adder skeleton (D:4)
  4 worms (D:2)
  6 leopard geckos
  49 orcs
  11 giant cockroaches
  7 goblins
  10 hobgoblins
  9 jackals
  3 quokkas
  6 bats
  6 frilled lizards
  4 gnoll skeletons (Ossuary)
  2 goblin skeletons (Ossuary)
  10 kobolds
  2 kobold skeletons (Ossuary)
  A leopard gecko zombie (D:5)
  4 quokka skeletons
  A quokka zombie (D:8)
  4 rats
  11 rat skeletons (Ossuary)
408 creatures vanquished.

Vanquished Creatures (collateral kills)
  A komodo dragon (D:8)
  Grum (D:8)
  5 wolves
  An orc priest (D:12)
  A white imp (D:12)
  A leopard gecko (D:8)
  An orc (D:12)
11 creatures vanquished.

Vanquished Creatures (others)
  An orc (D:12)
  A kobold (D:10)
  46 plants
48 creatures vanquished.

Grand Total: 467 creatures vanquished

Notes
Turn   | Place    | Note
-------+----------+-------------------------------------------
     0 | D:1      | Borgoz the Hill Orc Berserker began the quest for the Orb.
     0 | D:1      | Reached XP level 1. HP: 19/19 MP: 1/1
   206 | D:1      | Reached XP level 2. HP: 14/27 MP: 2/2
  1222 | D:2      | Reached XP level 3. HP: 24/33 MP: 3/3
  1456 | D:2      | Reached ** piety under Trog
  2052 | D:2      | Reached XP level 4. HP: 25/40 MP: 4/4
  2296 | D:3      | Found a bloodstained altar of Trog.
  2572 | D:3      | Noticed Natasha
  2578 | D:3      | Killed Natasha
  2578 | D:3      | Reached skill level 4 in Maces & Flails
  2581 | D:3      | Reached XP level 5. HP: 47/47 MP: 5/5
  2594 | D:3      | Noticed Natasha
  2608 | D:3      | Killed Natasha
  2926 | D:3      | Noticed Natasha
  2947 | D:3      | Killed Natasha
  3238 | D:3      | Found a runed translucent door.
  3239 | D:3      | Noticed Crazy Yiuf
  3285 | D:3      | Killed Crazy Yiuf
  3285 | D:3      | Reached skill level 5 in Fighting
  3285 | D:3      | Reached XP level 6. HP: 56/56 MP: 6/6
  3341 | D:4      | Found Zublom's Armour Emporium.
  3447 | D:4      | Found a sand-covered staircase.
  3453 | Ossuary  | Entered an ossuary
  4270 | Ossuary  | Reached *** piety under Trog
  4270 | Ossuary  | Reached skill level 5 in Maces & Flails
  4288 | Ossuary  | Reached XP level 7. HP: 59/61 MP: 7/7
  4538 | D:4      | Noticed Edmund
  4549 | D:4      | Killed Edmund
  4654 | D:4      | Reached skill level 5 in Armour
  4656 | D:4      | Found a staircase to the Ecumenical Temple.
  4682 | D:4      | Noticed Duvessa
  4685 | D:4      | Found an ornate altar of the Wu Jian Council.
  4688 | D:4      | Noticed Dowan
  4699 | D:4      | Killed Duvessa
  4699 | D:4      | Reached XP level 8. HP: 43/71 MP: 8/8
  4713 | D:4      | Killed Dowan
  5240 | D:4      | Reached skill level 6 in Maces & Flails
  5499 | D:5      | Entered Level 5 of the Dungeon
  5556 | D:5      | Found a shadowy altar of Dithmenos.
  5646 | D:5      | Noticed Eustachio
  5662 | D:5      | Killed Eustachio
  5815 | D:5      | Reached **** piety under Trog
  6345 | D:5      | Reached XP level 9. HP: 69/79 MP: 9/9
  6405 | D:5      | Reached skill level 7 in Maces & Flails
  6781 | D:6      | Reached skill level 5 in Dodging
  6804 | D:6      | Found a radiant altar of Vehumet.
  6806 | D:6      | Found a white marble altar of Elyvilon.
  6966 | D:6      | Found Kubrab's Assorted Antiques.
  6974 | D:6      | Bought a scroll of identify for 46 gold pieces
  6974 | D:6      | Bought a scroll labeled IFAIZUZ TANWO for 23 gold pieces
  6974 | D:6      | Bought a scroll labeled WOTWIKL LASOUM for 23 gold pieces
  7311 | D:6      | Noticed Grinder
  7311 | D:6      | Paralysed by Grinder for 2 turns
  7317 | D:6      | Paralysed by Grinder for 6 turns
  7331 | D:6      | Killed Grinder
  8876 | D:7      | Noticed a cyan ugly thing
  8895 | D:7      | Killed a cyan ugly thing
  8895 | D:7      | Reached skill level 8 in Maces & Flails
  8914 | D:7      | Reached XP level 10. HP: 34/91 MP: 0/10
  9255 | D:8      | Found a stormy altar of Qazlal.
  9336 | D:8      | Found a bloodstained altar of Trog.
  9374 | D:8      | Found an iron altar of Okawaru.
  9428 | D:8      | Noticed Grum
  9432 | D:8      | Killed Grum
  9637 | D:8      | Found a snail-covered altar of Cheibriados.
  9989 | D:8      | Found a staircase to the Lair.
 10015 | D:8      | Reached skill level 9 in Maces & Flails
 10391 | D:8      | Noticed Prince Ribbit
 10412 | D:8      | Killed Prince Ribbit
 11177 | D:8      | Reached skill level 10 in Fighting
 11546 | D:9      | Found a glowing golden altar of the Shining One.
 11805 | D:9      | Noticed a two-headed ogre
 11815 | D:9      | Killed a two-headed ogre
 11815 | D:9      | Reached XP level 11. HP: 101/101 MP: 11/11
 12101 | D:9      | Found a basalt altar of Yredelemnul.
 12101 | D:9      | Noticed Joseph
 12114 | D:9      | Killed Joseph
 12303 | D:9      | Noticed a two-headed ogre
 12308 | D:9      | Killed a two-headed ogre
 12308 | D:9      | Reached skill level 10 in Maces & Flails
 13188 | D:10     | Entered Level 10 of the Dungeon
 13495 | D:10     | Found a blossoming altar of Fedhas.
 14137 | D:10     | Noticed a manticore
 14148 | D:10     | Killed a manticore
 14374 | D:10     | Noticed a red ugly thing
 14381 | D:10     | Killed a red ugly thing
 14384 | D:10     | Reached ***** piety under Trog
 14386 | D:10     | Identified the Compendium of the Traveller and Flames
 15014 | D:11     | Noticed a two-headed ogre
 15018 | D:11     | Found a staircase to the Orcish Mines.
 15023 | D:11     | Killed a two-headed ogre
 15431 | D:11     | Noticed Snorg
 15442 | D:11     | Killed Snorg
 15442 | D:11     | Reached skill level 11 in Maces & Flails
 15442 | D:11     | Reached skill level 10 in Armour
 15994 | D:12     | Noticed a green ugly thing
 15997 | D:12     | Reached XP level 12. HP: 91/110 MP: 12/12
 16545 | D:12     | Found Sibyocon's General Store.
 16767 | D:12     | Received a gift from Trog
 17019 | D:12     | Noticed a two-headed ogre
 17028 | D:12     | Killed a two-headed ogre
 17120 | D:12     | Reached skill level 12 in Maces & Flails
 17473 | D:12     | Noticed a death yak
 17475 | D:12     | Noticed a two-headed ogre
 17583 | D:12     | Noticed a two-headed ogre
 17590 | D:12     | Killed a two-headed ogre
 17599 | D:12     | Noticed Jorgrun
 17600 | D:12     | Killed a two-headed ogre
 17621 | D:12     | Killed Jorgrun
 17986 | D:12     | Killed a death yak
 17986 | D:12     | Reached XP level 13. HP: 118/118 MP: 13/13
 18158 | D:13     | Reached skill level 10 in Dodging
 18305 | D:13     | Reached skill level 13 in Maces & Flails
 18695 | D:13     | Noticed Nessos
 18712 | D:13     | Found a gate to the Vaults.
 18712 | D:13     | Shot with an arrow by Nessos

Illustrated notes

Levels and vault maps discovered:
D:1:      heliophobic_arrival_glass_houses, layout_loops_ring
D:2:      layout_rooms
D:3:      layout_basic, nicolae_overflow_crystal_walls, uniq_natasha,
          uniq_crazy_yiuf_cottage
D:4:      minmay_chambers_of_fours, layout_loops_ring,
          overflow_temple_1_default, minmay_temple_entry_proselytizer,
          serial_shops, nicolae_shop_stone, nicolae_ossuary_entry_plus,
          uniq_duvessa, uniq_edmund
D:5:      layout_cave_pools, grunt_dithmenos_shadows, uniq_eustachio
D:6:      layout_basic, grunt_temple_overflow_open, serial_shops,
          nicolae_shop_stone, uniq_grinder
D:7:      minmay_chambers_of_sevens, layout_basic, serial_bayou_pond_d,
          feat_on_display
D:8:      layout_rooms, lemuel_doored_altar, overflow_temple_1_default,
          nicolae_qazlal_style_of_elements, david_lair_shrubbed,
          dk_noncrumbling_4, chequers_avenue, minivault_14, bloody_trog,
          uniq_grum, uniq_prince_ribbit1
D:9:      layout_loops_ring, nicolae_tso_carved_into_rock, basic_altar,
          minmay_fire_ice_demons, uniq_joseph
D:10:     minmay_the_grid_four_pointed_star_mashed
          [minmay_the_grid_triangle_9x9_empty,
          minmay_the_grid_triangle_9x9_shrine,
          minmay_the_grid_triangle_9x9_zippers_vertical,
          minmay_the_grid_triangle_9x9_swiss_cheese,
          minmay_the_grid_prize_shrinking_boxes], layout_gridville
D:11:     layout_basic, david_orc_3, uniq_snorg
D:12:     layout_irregular_city, serial_shops, shop, serial_ice, serial_ice_h,
          serial_ice_j, serial_ice_g, serial_ice_o, serial_ice_b, serial_ice_n,
          serial_ice_a, serial_ice_c, uniq_jorgrun
D:13:     gammafunk_worm_tunnel, layout_loops_ring, david_vaults_1,
          serial_shops, nicolae_shop_behind_doors, uniq_nessos

Skill      XL: |  1  2  3  4  5  6  7  8  9 10 11 12 13 |
---------------+----------------------------------------+-----
Fighting       | 4 5 6 7 9 10 11 12 | 12.5
Dodging        | 2 3 4 5 7 8 9 10 | 10.4
Armour         | 3 4 5 6 7 9 10 11 | 11.3
Maces & Flails | 4 5 6 8 9 11 12 13 | 13.2

Action                   |  1- 3 |  4- 6 |  7- 9 | 10-12 | 13-15 || total
-------------------------+-------+-------+-------+-------+-------++-------
Melee: Mace              |   153 |   250 |    53 |       |       ||   456
       Dire flail        |       |       |   311 |   831 |   110 ||  1252
Invok: Berserk           |     1 |     3 |     7 |    19 |     2 ||    32
       Trog's Hand       |       |     4 |     3 |     6 |     2 ||    15
       Brothers in Arms  |       |       |       |     3 |       ||     3
Evoke: Wand              |       |       |       |    16 |       ||    16
  Use: Scroll            |     1 |     7 |     5 |     9 |       ||    22
       Potion            |       |     3 |       |     3 |       ||     6
 Stab: Invisible         |       |     1 |       |       |       ||     1
       Distracted        |       |       |     1 |       |       ||     1
Armor: Animal skin       |    10 |       |       |       |       ||    10
       Ring mail         |    36 |    65 |    67 |       |       ||   168
       Scale mail        |       |       |    69 |   149 |       ||   218
       Steam dragon scal |       |       |       |    70 |       ||    70
       Chain mail        |       |       |       |    89 |    92 ||   181
       Troll leather arm |       |       |       |    30 |       ||    30
Dodge: Dodged            |   116 |   132 |   212 |   707 |   126 ||  1293

Table legend: (Time is in decaauts)
 A = Elapsed time spent in this place.
 B = Non-inter-level travel time spent in this place.
 C = Inter-level travel time spent in this place.
 D = Time resting spent in this place.
 E = Time spent auto-exploring this place.
 F = Levels seen in this place.
 G = Mean time per level.
                   A        B        C        D        E       F      G
               +--------+--------+--------+--------+--------+-----+--------+
         Total |  18820 |  18448 |    372 |   5593 |   9594 |  14 | 1344.3 |
       Dungeon |  17728 |  17356 |    372 |   5309 |   9042 |  13 | 1363.7 |
       Ossuary |   1092 |   1092 |      0 |    284 |    552 |   1 | 1092.0 |
               +--------+--------+--------+--------+--------+-----+--------+

Top non-repeatable levels by time:
    D:12: 2032 daAuts
     D:8: 1986 daAuts
     D:9: 1727 daAuts
     D:6: 1517 daAuts
    D:10: 1482 daAuts
    D:11: 1423 daAuts
     D:7: 1385 daAuts
     D:2: 1205 daAuts
     D:1: 1121 daAuts
     D:4: 1121 daAuts
     D:5: 1109 daAuts
 Ossuary: 1092 daAuts
     D:3: 1090 daAuts
    D:13: 522 daAuts
